 Dungeon Crawl Stone Soup version 0.30-a0-808-g6e0788376e (webtiles) character file.

Game seed: 13898676479393743937

229 Maken the Cleaver (level 6, -12/60 HPs)
             Began as a Hill Orc Monk on Feb 26, 2023.
             Mangled by an ogre
             ... wielding a +0 giant spiked club
              (27 damage)
             ... on level 4 of the Dungeon.
             The game lasted 00:14:24 (3054 turns).

Maken the Cleaver (Hill Orc Monk)                   Turns: 3054, Time: 00:14:25

Health: -12/60     AC: 11    Str: 16    XL:     6   Next: 3%
Magic:  6/6        EV:  8    Int: 10    God:
Gold:   309        SH:  0    Dex: 13    Spells: 5/5 levels left

rFire   . . .      SeeInvis .    a - +0 hand axe
rCold   . . .      Faith    .    (no shield)
rNeg    . . .      Spirit   .    k - +0 chain mail
rPois   .          Reflect  .    (no helmet)
rElec   .          Harm     .    (no cloak)
rCorr   .          Rampage  .    l - +0 pair of gloves
Will    .....                    (no boots) Stlth
                                 (no amulet)
HPRegen 0.30/turn                f - ring of flight
MPRegen 0.10/turn                (no ring)

@: flying
A: no striking features
a: no special abilities


You were on level 4 of the Dungeon.
You visited 1 branch of the dungeon, and saw 4 of its levels.

You collected 309 gold pieces.

Inventory:

Hand Weapons
 a - a +0 hand axe (weapon)
 h - a +2 whip of flaming
Armour
 b - a +0 robe
 j - a +0 ring mail
 k - a +0 chain mail (worn)
 l - a +0 pair of gloves (worn)
Jewellery
 f - a ring of flight (left hand)
Scrolls
 d - a scroll of identify
 e - a scroll of immolation {unknown}
 i - 2 scrolls of teleportation {unknown}
Potions
 c - a potion of curing
 g - a potion of attraction {unknown}
 m - 2 potions of brilliance


   Skills:
 + Level 7.5 Fighting
 + Level 8.2 Axes
 + Level 5.6 Armour
 + Level 5.1 Dodging
 + Level 5.1 Stealth


You had 5 spell levels left.
You didn't know any spells.
Your spell library was empty.

Dungeon Overview and Level Annotations

Branches:
Dungeon (4/15)
 Temple: D:4-7

Altars:
Uskayaw


Message History

The frilled lizard bites you but does no damage.
You hit the frilled lizard.
You kill the frilled lizard!
No target in view!
Found an escape hatch in the ceiling.
Found a stone staircase leading down.
There is a stone staircase leading down here.
Done exploring.
Done exploring.
Done exploring.
There is a stone staircase leading down here.
You fly downwards.
There is a stone staircase leading up here.
You now have 309 gold pieces (gained 18).
An ogre comes into view. It is wielding a +0 giant spiked club.
The ogre shouts!
Unknown command.
You slash the ogre!
The ogre is moderately wounded.
You completely miss the ogre.
The ogre is moderately wounded.
The ogre hits you with a +0 giant spiked club!
You hit the ogre.
The ogre is heavily wounded.
The ogre hits you with a +0 giant spiked club!
You hit the ogre but do no damage.
The ogre is heavily wounded.
You hit the ogre but do no damage.
The ogre is heavily wounded.
The ogre barely misses you.
You hit the ogre.
The ogre is severely wounded.
You closely miss the ogre.
The ogre is severely wounded.
The ogre hits you with a +0 giant spiked club!!
* * * LOW HITPOINT WARNING * * *
You hit the ogre.
The ogre is severely wounded.
The ogre hits you with a +0 giant spiked club!!
You die...

..#.# #...#
#...# #...
#.. #.# #.#
#########O#
#.......#@#
#.#####.#.#
.#######.#
#...#
....<....#
#.###
.#######.#
#.# #.# #.#
#.. ..#
#### ###


You could see an ogre.

Vanquished Creatures
  A jelly (D:3)
  An iguana (D:3)
  Terence (D:3)
  3 adders
  5 ball pythons
  5 endoplasms
  2 giant cockroaches (D:1)
  8 goblins
  2 hobgoblins
  3 jackals (D:2)
  2 quokkas
  8 bats
  3 frilled lizards
  7 kobolds
  7 rats
58 creatures vanquished.

Notes
Turn   | Place    | Note
-------+----------+-------------------------------------------
     0 | D:1      | Maken the Hill Orc Monk began the quest for the Orb.
     0 | D:1      | Reached XP level 1. HP: 19/19 MP: 1/1
    82 | D:1      | HP: 1/20 [quokka (3)]
   237 | D:1      | Reached XP level 2. HP: 27/27 MP: 2/2
   421 | D:1      | Reached XP level 3. HP: 31/33 MP: 3/3
  1035 | D:2      | Found a faded altar of an unknown god.
  1066 | D:2      | Reached skill level 1 in Armour
  1386 | D:2      | Reached XP level 4. HP: 11/40 MP: 4/4
  1962 | D:3      | Noticed Terence
  1981 | D:3      | Reached skill level 8 in Axes
  1981 | D:3      | Reached skill level 5 in Armour
  1981 | D:3      | Reached skill level 5 in Dodging
  1981 | D:3      | Reached skill level 5 in Stealth
  1981 | D:3      | Reached XP level 5. HP: 18/52 MP: 5/5
  1988 | D:3      | Killed Terence
  2222 | D:3      | Found a hide-covered altar of Uskayaw.
  2280 | D:3      | Reached XP level 6. HP: 36/60 MP: 6/6
  2655 | D:3      | Noticed an ice beast
  3054 | D:4      | Mangled by an ogre

Illustrated notes

Levels and vault maps discovered:
D:1:      lemuel_arrival_cross, layout_loops_ring, minmay_pentomino_r4
D:2:      layout_loops_ring, chequers_ecumenical_altar_island
D:3:      layout_basic, nicolae_uskayaw_dance_hall, kennysheep_flooded_box,
          lightli_corner_chamber, uniq_terence
D:4:      layout_loops_cross, nicolae_qazlal_general_emergency,
          minmay_temple_entry_wispy, st_stairs_7

Skill      XL: |  1  2  3  4 |
---------------+-------------+-----
Stealth        | 2 5 |  5.1
Fighting       | 4 7 |  7.5
Armour         | 1 5 |  5.6
Axes           | 8 |  8.2
Dodging        | 5 |  5.1

Action                     |  1- 3 |  4- 6 || total
---------------------------+-------+-------++-------
  Melee: Hand axe          |   124 |    81 ||   205
         Punch             |     1 |     1 ||     2
    Use: Potion            |     2 |     3 ||     5
         Scroll            |       |     2 ||     2
   Stab: Sleeping          |     4 |     2 ||     6
 Armour: Robe              |    27 |     1 ||    28
         Ring mail         |       |    13 ||    13
         Chain mail        |       |     9 ||     9
  Dodge: Dodged            |    93 |    37 ||   130

Table legend: (Time is in decaauts)
 A = Elapsed time spent in this place.
 B = Non-inter-level travel time spent in this place.
 C = Inter-level travel time spent in this place.
 D = Time resting spent in this place.
 E = Time spent auto-exploring this place.
 F = Levels seen in this place.
 G = Mean time per level.
                   A        B        C        D        E       F      G
               +--------+--------+--------+--------+--------+-----+--------+
         Total |   3069 |   2924 |    145 |     85 |   2185 |   4 |  767.2 |
       Dungeon |   3069 |   2924 |    145 |     85 |   2185 |   4 |  767.2 |
               +--------+--------+--------+--------+--------+-----+--------+

Top non-repeatable levels by time:
     D:3: 1120 daAuts
     D:2: 1100 daAuts
     D:1: 813 daAuts
     D:4: 35 daAuts
